 Dungeon Crawl Stone Soup version 0.20-a0-1126-g0f15420 (webtiles) character file.

3222 scalarboson the Severer (level 9, -14/63 HPs)
             Began as a Minotaur Berserker on May 17, 2017.
             Was an Elder of Trog.
             Demolished by a two-headed ogre
             ... wielding a +0 giant spiked club
             ... summoned by an orange crystal statue
              (22 damage)
             ... on level 8 of the Dungeon.
             The game lasted 00:15:28 (6999 turns).

scalarboson the Severer (Minotaur Berserker)        Turns: 6999, Time: 00:15:29

Health: -14/63     AC: 15    Str: 26    XL:     9   Next: 66%
Magic:  1/8        EV:  7    Int:  4    God:    Trog [****..]
Gold:   390        SH:  3    Dex: 11    Spells: 8/8 levels left

rFire    + . .     SeeInvis .   m - +0 war axe
rCold    . . .     Gourm    .   f - +0 buckler
rNeg     . . .     Faith    .   q - +1 plate armour {rF+}
rPois    +         Spirit   .   (helmet restricted)
rElec    .         Reflect  .   z - +2 cloak {rPois}
rCorr    .         Harm     .   (no gloves)
MR       .....                  (no boots)
Stlth    ..........             (no amulet)
Regen    0.2/turn               d - ring of flight
MPRegen  0.2/turn               (no ring)

@: slowed, very slow
A: retaliatory headbutt, horns 2, camouflage 1, blink, frail 1, strong 1
a: Blink, Berserk, Trog's Hand, Brothers in Arms, Burn Spellbooks, Renounce
Religion, Evoke Flight


You were on level 8 of the Dungeon.
You worshipped Trog.
Trog was greatly pleased with you.
You were very hungry.

You visited 1 branch of the dungeon, and saw 8 of its levels.

You collected 485 gold pieces.
You spent 95 gold pieces at shops.

Inventory:

Hand Weapons
 m - a +0 war axe (weapon)
Armour
 f - a +0 buckler (worn)
 q - a +1 plate armour of fire resistance (worn)
 z - a +2 cloak of poison resistance (worn)
Jewellery
 d - a ring of flight (left hand)
Wands
 u - a wand of iceblast (3/15)
 A - a wand of digging (15/24)
Scrolls
 e - 5 scrolls of remove curse
 g - 3 scrolls of teleportation
 h - 2 scrolls of identify
 k - 3 scrolls of enchant armour
 l - a scroll of fog
 p - a scroll of blinking
 v - a scroll of enchant weapon {unknown}
 y - a scroll of recharging
Potions
 a - a potion of heal wounds
 n - a potion of haste
 r - 3 potions of curing
 t - a potion of agility
 w - a potion of brilliance
Books
 s - a book of Callings

   Spells                             Type                      Level
   a - Summon Small Mammal            Summoning                    1
   b - Call Imp                       Summoning                    2
   c - Call Canine Familiar           Summoning                    3
   d - Summon Guardian Golem          Hexes/Summoning              3
   e - Summon Lightning Spire         Summoning/Air                4
   f - Summon Ice Beast               Ice/Summoning                4
   Trog disapproves of the use of such an item.
 B - a book of Geomancy

   Spells                             Type                      Level
   a - Sandblast                      Earth                        1
   b - Passwall                       Transmutation/Earth          2
   c - Stone Arrow                    Conjuration/Earth            3
   d - Petrify                        Transmutation/Earth          4
   e - Lee's Rapid Deconstruction     Earth                        5
   Trog disapproves of the use of such an item.
Comestibles
 b - 5 meat rations
 c - 5 bread rations
 i - a chunk of flesh
 j - 5 royal jellies
 o - 2 fruits


   Skills:
 - Level 3.6 Fighting
 + Level 15.5 Axes
 - Level 2.4 Armour
 - Level 2.1 Dodging
 + Level 1.1 Evocations


You had 8 spell levels left.
You didn't know any spells.

Dungeon Overview and Level Annotations

Branches:
Dungeon (8/15)             Temple (0/1) D:6
   Lair: D:8-11

Altars:
Ashenzari
Cheibriados
Fedhas
Gozag
Hepliaklqana
Kikubaaqudgha
Nemelex Xobeh
Qazlal
Sif Muna
Uskayaw
Wu Jian
Yredelemnul
Zin
The Shining One

Shops:
D:4 *

Annotations:
D:8 exclusion: orange crystal statue


Innate Abilities, Weirdness & Mutations

You reflexively headbutt those who attack you in melee.
You have a pair of horns on your head.
Your skin changes colour to match your surroundings (Stealth+).
You can translocate small distances at will.
You are frail. (-10% HP)
Your muscles are strong. (Str +2)


Message History

The orange crystal statue glitters.
You are confused.
You're too confused to move!
You feel your anger subside.
The orange crystal statue fixes its piercing gaze on you.
Something tries to feed on your intellect!
You are no longer berserk.
You are exhausted.
You feel yourself slow down.
You bump into the rock wall.
The two-headed ogre hits you with a giant spiked club.
* * * LOW HITPOINT WARNING * * *
The two-headed ogre hits you with a giant club!
* * * LOW HITPOINT WARNING * * *
You're too confused!
You bump into the rock wall.
You feel less confused. The orc hits you but does no damage.
The two-headed ogre hits you with a giant spiked club!!
You die...

#.#####.........#
##
#...............#
##%#
###..##########..
##...# ##.# .
#!.8..##
##.#######
#.....##
##........#
#.....##
##..######.#
#...?.###..##
##...ooO@.##
#.......o##
###.....##
#######


You could see a two-headed ogre, an orc warrior and 2 orcs.

Vanquished Creatures
  Maurice (D:8)
  Grinder (D:6)
  A hippogriff (D:7)
  2 orc warriors
  A sky beast (D:6)
  A phantom (D:5)
  2 centaurs (D:7)
  5 ogres
  A bullfrog (D:8)
  2 scorpions
  4 wights (D:6)
  2 howler monkeys
  A bullfrog zombie (D:5)
  2 crimson imps
  2 hounds
  2 jellies
  7 orc priests
  Crazy Yiuf (D:2)
  8 orc wizards
  Jessica (D:3)
  An iguana (D:4)
  3 worker ants
  A hound skeleton (D:4)
  A worker ant zombie (D:6)
  11 gnolls
  6 adders
  A shadow imp (D:7)
  2 worms (D:4)
  5 leopard geckos
  37 orcs
  3 bats (D:1)
  7 giant cockroaches
  9 goblins
  7 hobgoblins
  2 jackals (D:4)
  A quokka (D:3)
  A ball python (D:3)
  2 frilled lizards
  A jackal skeleton (D:4)
  6 kobolds
  7 rats
161 creatures vanquished.

Notes
Turn   | Place    | Note
-------+----------+-------------------------------------------
     0 | D:1      | scalarboson the Minotaur Berserker began the quest for the Orb.
     0 | D:1      | Reached XP level 1. HP: 19/19 MP: 0/0
     2 | D:1      | Noticed a troll
     2 | D:1      | Noticed a formicid
     4 | D:1      | Noticed a felid
     4 | D:1      | Noticed a draconian
     6 | D:1      | Noticed a demonspawn
     8 | D:1      | Noticed a tengu
     8 | D:1      | Noticed a halfling
    10 | D:1      | Noticed an octopode
    10 | D:1      | Noticed a human
    12 | D:1      | Noticed an elf
    12 | D:1      | Noticed a naga
    14 | D:1      | Noticed a merfolk
    14 | D:1      | Noticed a gargoyle
    16 | D:1      | Noticed a demigod
    18 | D:1      | Noticed a minotaur
    20 | D:1      | Noticed a centaur
    22 | D:1      | Noticed a ghoul
    22 | D:1      | Noticed a spriggan
    24 | D:1      | Noticed a vine stalker
    24 | D:1      | Noticed a dwarf
    26 | D:1      | Noticed a vampire
    26 | D:1      | Noticed an ogre
    49 | D:1      | Reached skill level 4 in Axes
    49 | D:1      | Reached XP level 2. HP: 19/26 MP: 1/1
   769 | D:1      | Reached skill level 5 in Axes
  1042 | D:2      | Reached XP level 3. HP: 29/31 MP: 2/2
  1061 | D:2      | Reached XP level 4. HP: 39/39 MP: 3/3
  1063 | D:2      | Reached skill level 6 in Axes
  1283 | D:2      | Reached ** piety under Trog
  1327 | D:2      | Found a blossoming altar of Fedhas.
  1427 | D:2      | Found an ancient bone altar of Kikubaaqudgha.
  1711 | D:2      | Found a runed door.
  1715 | D:2      | Noticed Crazy Yiuf
  1719 | D:2      | Killed Crazy Yiuf
  1805 | D:3      | Reached XP level 5. HP: 41/45 MP: 4/4
  1821 | D:3      | Reached skill level 7 in Axes
  2487 | D:3      | Noticed Jessica
  2492 | D:3      | Killed Jessica
  2500 | D:3      | Found a deep blue altar of Sif Muna.
  2533 | D:4      | Reached skill level 8 in Axes
  2533 | D:4      | Reached XP level 6. HP: 46/51 MP: 5/5
  2820 | D:4      | Reached skill level 9 in Axes
  2834 | D:4      | Found Comisch's Assorted Antiques.
  2843 | D:4      | Reached *** piety under Trog
  2845 | D:4      | Reached XP level 7. HP: 19/57 MP: 6/6
  3044 | D:4      | Bought a scroll labeled WEIWNE RUIPH for 26 gold pieces
  3044 | D:4      | Bought a smoky puce potion for 23 gold pieces
  3044 | D:4      | Bought a green potion for 23 gold pieces
  3044 | D:4      | Bought a grey potion for 23 gold pieces
  3069 | D:4      | Found an ornate altar of the Wu Jian Council.
  3353 | D:4      | Found a hazy altar of Hepliaklqana.
  3356 | D:4      | Found an opulent altar of Gozag.
  3356 | D:4      | Found a shattered altar of Ashenzari.
  3356 | D:4      | Found a snail-covered altar of Cheibriados.
  3357 | D:4      | Found a basalt altar of Yredelemnul.
  3357 | D:4      | Found a sparkling altar of Nemelex Xobeh.
  3359 | D:4      | Found a glowing silver altar of Zin.
  3628 | D:4      | Found a hide-covered altar of Uskayaw.
  3639 | D:4      | Reached skill level 10 in Axes
  3858 | D:5      | Entered Level 5 of the Dungeon
  4169 | D:5      | Reached skill level 11 in Axes
  4169 | D:5      | Reached **** piety under Trog
  4384 | D:5      | Reached XP level 8. HP: 64/64 MP: 7/7
  5069 | D:6      | Gained mutation: Your skin changes colour to match your surroundings (Stealth+). [potion of mutation]
  5069 | D:6      | Gained mutation: You are frail. (-10% HP) [potion of mutation]
  5069 | D:6      | Gained mutation: Your muscles are strong. (Str +2) [potion of mutation]
  5069 | D:6      | Gained mutation: You can translocate small distances at will. [potion of mutation]
  5118 | D:6      | Noticed Grinder
  5127 | D:6      | Killed Grinder
  5127 | D:6      | Reached skill level 12 in Axes
  5465 | D:6      | Reached skill level 13 in Axes
  5465 | D:6      | Reached skill level 1 in Evocations
  5706 | D:6      | Reached XP level 9. HP: 63/63 MP: 8/8
  5732 | D:6      | Found a glowing golden altar of the Shining One.
  5761 | D:6      | Found a staircase to the Ecumenical Temple.
  6070 | D:7      | Reached skill level 14 in Axes
  6667 | D:7      | Found a stormy altar of Qazlal.
  6801 | D:8      | Noticed Maurice
  6821 | D:8      | Killed Maurice
  6821 | D:8      | Reached skill level 15 in Axes
  6982 | D:8      | Noticed an orange crystal statue
  6986 | D:8      | Noticed a two-headed ogre
  6999 | D:8      | Demolished by a two-headed ogre

Vault maps used:
D:1:      kb_arrival_jail, serial_forest, infiniplex_forest_clump_long,
          infiniplex_forest_lined_room_2, infiniplex_forest_clump_diagonal,
          infiniplex_forest_fountain, infiniplex_forest_lined_room_2,
          infiniplex_forest_clump_small, infiniplex_forest_lined_2,
          infiniplex_forest_corner_1
D:2:      marbit_many_paths, fedhas_altar_1, minmay_misc_feat_diagonals,
          uniq_crazy_yiuf_cottage
D:3:      first_bread, tgw_sif
D:4:      old_standard_altar, minitemple, eat_drink_and_be_merry_uskayaw,
          serial_shops, nicolae_shop_overgrown_old_shop, grunt_ministairs_9,
          dk_noncrumbling_4
D:6:      lemuel_coloured_pillars_altar, temple_green, uniq_grinder
D:7:      nicolae_whirlpool, nicolae_qazlal_general_emergency
D:8:      minmay_separated_statues, david_lair_shrubbed, uniq_psyche,
          uniq_maurice

Skill      XL: |  1  2  3  4  5  6  7  8  9 |
---------------+----------------------------+-----
Axes           | 4 5 6 8 9 11 13 15 | 15.5
Evocations     | 1 |  1.1
Fighting       | |  3.6
Armour         | |  2.4
Dodging        | |  2.1

Action                   |  1- 3 |  4- 6 |  7- 9 || total
-------------------------+-------+-------+-------++-------
Melee: Hand axe          |    48 |   126 |       ||   174
       Headbutt          |     4 |    28 |    55 ||    87
       War axe           |       |    21 |   248 ||   269
Invok: Berserk           |     2 |     2 |     6 ||    10
       Trog's Hand       |       |       |     1 ||     1
 Abil: Evoke Flight      |       |     1 |       ||     1
  Use: Scroll            |       |    11 |     6 ||    17
       Potion            |       |     3 |     7 ||    10
 Stab: Invisible         |       |       |     1 ||     1
  Eat: Chunk             |     1 |     9 |    15 ||    25
       Royal jelly       |       |       |     1 ||     1
       Fruit             |       |       |     1 ||     1
Armor: Animal skin       |     6 |     1 |       ||     7
       Chain mail        |       |    64 |    22 ||    86
       Plate armour      |       |       |    77 ||    77
Dodge: Dodged            |    21 |    51 |    76 ||   148
Block: Buckler           |       |     5 |    24 ||    29
